1846 views
Uploaded 2022-12-13 16:02:27
Game version 1.32.10
17:34 long 4on4 custom game on (8)RockQuarry
Game name "4v4"
Saved by DKnight
1846 views
Uploaded 2022-12-13 16:02:27
Game version 1.32.10
17:34 long 4on4 custom game on (8)RockQuarry
Game name "4v4"


155 units @ 22.3k
/ 3.4k
93 buildings @ 12.5k
/ 5.1k



| Rod of Necromancy | 1 | 150 |
| Sacrificial Skull | 1 | 50 |
| Orb of Corruption | 1 | 375 |
| Potion of Mana | 1 | 200 |
| Scroll of Town Portal | 3 | 1050 |
| Boots of Speed | 2 | 500 |
| Staff of Teleportation | 1 | 150 |
| Moonstone | 1 | 50 |
| Staff of Preservation | 1 | 150 |
| total: | 12 | 2675g |
| Acolyte | 13 | 975 | / | 0 |
| Ghoul | 6 | 720 | / | 0 |
| Frost Wyrm | 3 | 1155 | / | 360 |
| Gargoyle | 1 | 175 | / | 30 |
| total: | 23 | 3025g | / | 390w |
| Nerubian Tower | 1 | 100 | / | 20 |
| Spirit Tower | 1 | 145 | / | 40 |
| Ziggurat | 7 | 1050 | / | 350 |
| Graveyard | 1 | 215 | / | 0 |
| Crypt | 5 | 1000 | / | 250 |
| Altar of Darkness | 1 | 180 | / | 50 |
| Tomb of Relics | 1 | 130 | / | 30 |
| Necropolis | 2 | 450 | / | 0 |
| Boneyard | 3 | 525 | / | 600 |
| Halls of the Dead | 1 | 320 | / | 210 |
| Black Citadel | 1 | 325 | / | 230 |
| total: | 20 | 3550g | / | 1280w |
| 0:03 | Acolyte |
| 0:03 | Acolyte |
| 0:05 | Acolyte |
| 0:27 | Ziggurat |
| 0:57 | Graveyard |
| 1:01 | Crypt |
| 1:05 | Altar of Darkness |
| 1:25 | Ziggurat |
| 1:30 | Tomb of Relics |
| 2:15 | Ghoul |
| 2:15 | Ghoul |
| 2:16 | Ghoul |
| 2:26 | Nerubian Tower |
| 2:46 | Ghoul |
| 2:52 | Necropolis |
| 3:10 | Carrion Beetles |
| 3:13 | Rod of Necromancy |
| 3:13 | Sacrificial Skull |
| 3:51 | Halls of the Dead |
| 4:16 | Ghoul |
| 4:16 | Ghoul |
| 4:39 | Impale |
| 5:00 | Acolyte |
| 5:00 | Acolyte |
| 5:00 | Acolyte |
| 5:00 | Acolyte |
| 5:00 | Acolyte |
| 5:19 | Ziggurat |
| 5:36 | Creature Attack |
| 5:37 | Creature Carapace |
| 5:45 | Acolyte |
| 6:22 | Black Citadel |
| 6:43 | Spirit Tower |
| 6:45 | Ziggurat |
| 7:09 | Carrion Beetles |
| 7:14 | Boots of Speed |
| 7:15 | Staff of Teleportation |
| 7:27 | Necropolis |
| 7:32 | Improved Creature Attack |
| 7:39 | Moonstone |
| 7:42 | Staff of Preservation |
| 8:22 | Acolyte |
| 8:22 | Acolyte |
| 8:25 | Acolyte |
| 8:25 | Acolyte |
| 8:50 | Boneyard |
| 8:51 | Boneyard |
| 8:52 | Boneyard |
| 8:57 | Crypt |
| 8:59 | Crypt |
| 9:00 | Crypt |
| 9:06 | Death Coil |
| 9:14 | Crypt |
| 9:41 | Improved Creature Carapace |
| 9:42 | Advanced Creature Attack |
| 9:46 | Ziggurat |
| 9:47 | Ziggurat |
| 10:25 | Frost Wyrm |
| 10:31 | Frost Wyrm |
| 10:38 | Boots of Speed |
| 10:49 | Scroll of Town Portal |
| 11:11 | Gargoyle |
| 11:38 | Unholy Aura |
| 11:41 | Impale |
| 12:02 | Frost Wyrm |
| 12:59 | Freezing Breath |
| 13:02 | Advanced Creature Carapace |
| 13:30 | Web |
| 13:31 | Burrow |
| 15:01 | Scroll of Town Portal |
| 15:01 | Orb of Corruption |
| 15:17 | Frost Armor |
| 15:50 | Ziggurat |
| 16:28 | Death Coil |
| 16:31 | Carrion Beetles |
| 16:33 | Scroll of Town Portal |
| 16:33 | Potion of Mana |
| 17:27 | Frost Nova |
| Right click | 550 |
| Select | 240 |
| Build/train/purchase | 78 |
| Select group | 38 |
| Use ability | 30 |
| Assign group | 16 |
| Item give/drop | 7 |
| Resource trade | 7 |


| Scroll of Regeneration | 7 | 700 |
| Lesser Clarity Potion | 6 | 420 |
| Mechanical Critter | 2 | 100 |
| Ivory Tower | 2 | 80 |
| Potion of Mana | 3 | 600 |
| Potion of Healing | 3 | 450 |
| Staff of Sanctuary | 1 | 250 |
| Scroll of Town Portal | 1 | 350 |
| total: | 25 | 2950g |
| Peasant | 21 | 1575 | / | 0 |
| Rifleman | 9 | 1845 | / | 270 |
| Mortar Team | 4 | 720 | / | 280 |
| total: | 34 | 4140g | / | 550w |
| Scout Tower | 10 | 300 | / | 200 |
| Arcane Tower | 3 | 210 | / | 150 |
| Guard Tower | 5 | 350 | / | 250 |
| Altar of Kings | 1 | 180 | / | 50 |
| Barracks | 1 | 160 | / | 60 |
| Blacksmith | 1 | 140 | / | 60 |
| Farm | 8 | 640 | / | 160 |
| Lumber Mill | 2 | 240 | / | 0 |
| Arcane Vault | 2 | 260 | / | 60 |
| Town Hall | 1 | 385 | / | 205 |
| Cannon Tower | 1 | 120 | / | 100 |
| Workshop | 2 | 280 | / | 280 |
| Keep | 2 | 640 | / | 420 |
| Castle | 1 | 360 | / | 210 |
| total: | 28 | 2585g | / | 1075w |
| 0:02 | Peasant |
| 0:02 | Peasant |
| 0:03 | Peasant |
| 0:27 | Peasant |
| 0:42 | Peasant |
| 1:08 | Peasant |
| 1:12 | Altar of Kings |
| 1:14 | Barracks |
| 1:19 | Blacksmith |
| 1:21 | Farm |
| 1:22 | Peasant |
| 1:33 | Peasant |
| 1:35 | Farm |
| 1:53 | Lumber Mill |
| 2:03 | Lumber Mill |
| 2:08 | Peasant |
| 2:11 | Farm |
| 2:30 | Rifleman |
| 2:46 | Arcane Vault |
| 2:49 | Scout Tower |
| 3:07 | Rifleman |
| 3:12 | Storm Bolt |
| 3:23 | Arcane Tower |
| 3:39 | Rifleman |
| 3:41 | Peasant |
| 3:41 | Peasant |
| 3:59 | Scroll of Regeneration |
| 3:59 | Lesser Clarity Potion |
| 4:36 | Farm |
| 4:40 | Bash |
| 4:51 | Town Hall |
| 4:54 | Scout Tower |
| 4:56 | Scout Tower |
| 4:57 | Scout Tower |
| 4:58 | Scout Tower |
| 5:00 | Scout Tower |
| 5:09 | Improved Lumber Harvesting |
| 5:17 | Rifleman |
| 5:24 | Guard Tower |
| 5:40 | Guard Tower |
| 6:35 | Guard Tower |
| 6:39 | Rifleman |
| 6:43 | Arcane Tower |
| 6:46 | Arcane Vault |
| 6:53 | Peasant |
| 6:53 | Peasant |
| 6:53 | Peasant |
| 6:56 | Rifleman |
| 6:56 | Black Gunpowder |
| 7:14 | Scroll of Regeneration |
| 7:17 | Lesser Clarity Potion |
| 7:44 | Keep |
| 7:51 | Improved Masonry |
| 7:53 | Peasant |
| 7:54 | Peasant |
| 7:54 | Peasant |
| 7:54 | Peasant |
| 8:00 | Scroll of Regeneration |
| 8:01 | Mechanical Critter |
| 8:01 | Mechanical Critter |
| 8:36 | Scout Tower |
| 8:46 | Keep |
| 9:01 | Scout Tower |
| 9:02 | Scout Tower |
| 9:05 | Scout Tower |
| 9:07 | Arcane Tower |
| 9:51 | Guard Tower |
| 9:55 | Rifleman |
| 10:23 | Workshop |
| 10:23 | Workshop |
| 10:26 | Advanced Lumber Harvesting |
| 10:27 | Peasant |
| 10:27 | Peasant |
| 10:27 | Peasant |
| 10:29 | Farm |
| 10:29 | Farm |
| 10:34 | Scroll of Regeneration |
| 10:34 | Lesser Clarity Potion |
| 10:36 | Ivory Tower |
| 10:37 | Potion of Mana |
| 10:37 | Potion of Healing |
| 10:43 | Ivory Tower |
| 11:04 | Storm Bolt |
| 11:32 | Rifleman |
| 11:33 | Long Rifles |
| 11:35 | Castle |
| 11:54 | Mortar Team |
| 12:07 | Lesser Clarity Potion |
| 12:07 | Scroll of Regeneration |
| 12:09 | Potion of Mana |
| 12:10 | Potion of Healing |
| 12:20 | Mortar Team |
| 12:41 | Farm |
| 12:42 | Farm |
| 12:46 | Flare |
| 12:49 | Refined Gunpowder |
| 12:56 | Flame Strike |
| 13:04 | Advanced Masonry |
| 13:06 | Cannon Tower |
| 14:01 | Mortar Team |
| 14:02 | Fragmentation Shards |
| 14:05 | Scroll of Regeneration |
| 14:05 | Lesser Clarity Potion |
| 14:05 | Potion of Healing |
| 14:08 | Scroll of Town Portal |
| 15:04 | Siphon Mana |
| 15:37 | Scroll of Regeneration |
| 15:37 | Lesser Clarity Potion |
| 15:42 | Barrage |
| 15:43 | Mortar Team |
| 15:44 | Rifleman |
| 15:47 | Potion of Mana |
| 15:48 | Staff of Sanctuary |
| 15:57 | Bash |
| 16:53 | Siphon Mana |
| Right click | 1455 |
| Select | 405 |
| Select group | 313 |
| Build/train/purchase | 124 |
| Use ability | 35 |
| Assign group | 29 |
| Misc. action | 21 |
| Minimap ping | 17 |
| Remove unit | 1 |
| Esc | 1 |

| Staff of Preservation | 1 | 150 |
| Scroll of Town Portal | 1 | 350 |
| total: | 2 | 500g |
| Wisp | 25 | 1500 | / | 0 |
| Archer | 22 | 2860 | / | 220 |
| Glaive Thrower | 1 | 210 | / | 65 |
| Druid of the Claw | 6 | 1530 | / | 480 |
| Mountain Giant | 2 | 700 | / | 200 |
| total: | 56 | 6800g | / | 965w |
| Ancient Protector | 2 | 270 | / | 160 |
| Altar of Elders | 1 | 180 | / | 50 |
| Moon Well | 8 | 1440 | / | 320 |
| Ancient of War | 2 | 300 | / | 120 |
| Hunter's Hall | 1 | 210 | / | 100 |
| Ancient of Wonders | 1 | 90 | / | 30 |
| Tree of Life | 3 | 1020 | / | 555 |
| Ancient of Lore | 2 | 310 | / | 290 |
| Tree of Ages | 1 | 320 | / | 180 |
| Tree of Eternity | 1 | 330 | / | 200 |
| total: | 20 | 3820g | / | 1625w |
| 0:03 | Wisp |
| 0:03 | Wisp |
| 0:03 | Wisp |
| 0:08 | Altar of Elders |
| 0:18 | Moon Well |
| 0:42 | Ancient of War |
| 0:51 | Wisp |
| 0:51 | Wisp |
| 0:51 | Wisp |
| 0:51 | Wisp |
| 1:18 | Wisp |
| 1:18 | Wisp |
| 1:18 | Wisp |
| 1:42 | Moon Well |
| 1:45 | Archer |
| 2:14 | Force of Nature |
| 2:51 | Wisp |
| 2:52 | Wisp |
| 2:52 | Wisp |
| 3:04 | Archer |
| 3:04 | Archer |
| 3:04 | Archer |
| 3:35 | Entangling Roots |
| 3:38 | Tree of Ages |
| 3:42 | Moon Well |
| 4:05 | Archer |
| 4:06 | Archer |
| 4:06 | Archer |
| 4:33 | Hunter's Hall |
| 5:38 | Archer |
| 5:38 | Archer |
| 5:42 | Ancient of Wonders |
| 5:53 | Tree of Life |
| 5:56 | Ancient Protector |
| 6:23 | Wisp |
| 6:24 | Wisp |
| 6:24 | Wisp |
| 6:24 | Wisp |
| 6:26 | Moon Well |
| 6:48 | Entangling Roots |
| 7:11 | Ancient of Lore |
| 8:18 | Wisp |
| 8:18 | Wisp |
| 8:18 | Wisp |
| 8:18 | Wisp |
| 8:19 | Wisp |
| 8:46 | Ancient Protector |
| 8:47 | Nature's Blessing |
| 9:38 | Archer |
| 9:38 | Archer |
| 9:38 | Archer |
| 9:38 | Archer |
| 9:45 | Archer |
| 9:45 | Archer |
| 9:46 | Glaive Thrower |
| 9:48 | Druid of the Claw Adept Training |
| 9:58 | Tree of Eternity |
| 10:45 | Force of Nature |
| 11:35 | Ancient of Lore |
| 11:42 | Archer |
| 11:43 | Archer |
| 11:43 | Archer |
| 11:43 | Archer |
| 11:43 | Archer |
| 11:43 | Archer |
| 11:44 | Archer |
| 11:48 | Tree of Life |
| 11:53 | Ancient of War |
| 11:59 | Wisp |
| 12:00 | Wisp |
| 12:00 | Wisp |
| 12:47 | Druid of the Claw Master Training |
| 12:48 | Druid of the Claw |
| 12:48 | Druid of the Claw |
| 12:48 | Druid of the Claw |
| 12:48 | Druid of the Claw |
| 12:51 | Druid of the Claw |
| 12:51 | Druid of the Claw |
| 12:55 | Moon Well |
| 12:59 | Moon Well |
| 13:04 | Scroll of Town Portal |
| 13:10 | Staff of Preservation |
| 13:33 | Moon Well |
| 13:42 | Reinforced Hides |
| 13:42 | Strength of the Wild |
| 15:02 | Mark of the Claw |
| 15:05 | Ultravision |
| 15:05 | Well Spring |
| 16:11 | Entangling Roots |
| 16:36 | Hardened Skin |
| 16:36 | Mountain Giant |
| 16:37 | Mountain Giant |
| 17:12 | Moon Well |
| 17:27 | Tree of Life |
| Right click | 390 |
| Select | 269 |
| Select group | 121 |
| Build/train/purchase | 92 |
| Minimap ping | 27 |
| Use ability | 24 |
| Assign group | 23 |
| Misc. action | 20 |
| Item give/drop | 2 |
| Esc | 2 |
| Remove unit | 1 |


| Scroll of Regeneration | 2 | 200 |
| Lesser Clarity Potion | 1 | 70 |
| Orb of Fire | 1 | 325 |
| Staff of Sanctuary | 1 | 250 |
| Scroll of Town Portal | 1 | 350 |
| total: | 6 | 1195g |
| Peasant | 13 | 975 | / | 0 |
| Rifleman | 19 | 3895 | / | 570 |
| Knight | 2 | 490 | / | 120 |
| Goblin Shredder | 8 | 3000 | / | 800 |
| total: | 42 | 8360g | / | 1490w |
| Scout Tower | 8 | 240 | / | 160 |
| Arcane Tower | 1 | 70 | / | 50 |
| Guard Tower | 4 | 280 | / | 200 |
| Altar of Kings | 1 | 180 | / | 50 |
| Blacksmith | 1 | 140 | / | 60 |
| Barracks | 2 | 320 | / | 120 |
| Farm | 6 | 480 | / | 120 |
| Arcane Vault | 3 | 390 | / | 90 |
| Lumber Mill | 1 | 120 | / | 0 |
| Town Hall | 1 | 385 | / | 205 |
| Workshop | 2 | 280 | / | 280 |
| Keep | 1 | 320 | / | 210 |
| Castle | 1 | 360 | / | 210 |
| total: | 25 | 2535g | / | 1085w |
| 0:02 | Peasant |
| 0:02 | Peasant |
| 0:19 | Peasant |
| 0:31 | Peasant |
| 0:35 | Altar of Kings |
| 0:49 | Blacksmith |
| 0:57 | Barracks |
| 1:00 | Peasant |
| 1:04 | Farm |
| 1:15 | Peasant |
| 1:24 | Farm |
| 1:43 | Peasant |
| 1:44 | Peasant |
| 1:57 | Scout Tower |
| 2:03 | Peasant |
| 2:13 | Rifleman |
| 2:13 | Rifleman |
| 2:13 | Rifleman |
| 2:14 | Rifleman |
| 2:14 | Rifleman |
| 2:14 | Rifleman |
| 2:14 | Rifleman |
| 2:14 | Rifleman |
| 2:23 | Rifleman |
| 2:36 | Arcane Tower |
| 2:42 | Holy Light |
| 3:02 | Rifleman |
| 3:12 | Farm |
| 3:28 | Arcane Vault |
| 3:49 | Black Gunpowder |
| 4:03 | Devotion Aura |
| 4:17 | Rifleman |
| 4:21 | Farm |
| 5:00 | Scroll of Regeneration |
| 5:00 | Lesser Clarity Potion |
| 5:10 | Lumber Mill |
| 5:17 | Rifleman |
| 5:23 | Keep |
| 5:39 | Holy Light |
| 5:51 | Rifleman |
| 5:53 | Improved Lumber Harvesting |
| 6:07 | Scout Tower |
| 6:09 | Improved Masonry |
| 6:26 | Scout Tower |
| 6:27 | Scout Tower |
| 6:49 | Guard Tower |
| 7:18 | Scout Tower |
| 7:21 | Farm |
| 7:25 | Farm |
| 8:00 | Rifleman |
| 8:11 | Rifleman |
| 8:30 | Castle |
| 8:33 | Barracks |
| 8:40 | Long Rifles |
| 8:47 | Guard Tower |
| 9:05 | Rifleman |
| 9:10 | Workshop |
| 9:46 | Rifleman |
| 9:48 | Scroll of Regeneration |
| 9:49 | Scroll of Town Portal |
| 10:11 | Guard Tower |
| 10:48 | Flak Cannons |
| 11:01 | Flame Strike |
| 11:17 | Rifleman |
| 11:35 | Knight |
| 12:36 | Peasant |
| 12:36 | Peasant |
| 12:48 | Advanced Masonry |
| 12:51 | Scout Tower |
| 12:53 | Scout Tower |
| 13:24 | Arcane Vault |
| 13:27 | Guard Tower |
| 14:22 | Imbued Masonry |
| 14:35 | Orb of Fire |
| 14:43 | Staff of Sanctuary |
| 14:56 | Knight |
| 14:56 | Animal War Training |
| 15:18 | Devotion Aura |
| 15:36 | Town Hall |
| 15:40 | Scout Tower |
| 15:42 | Arcane Vault |
| 15:48 | Rifleman |
| 15:53 | Peasant |
| 15:53 | Peasant |
| 16:20 | Goblin Shredder |
| 16:20 | Goblin Shredder |
| 16:20 | Goblin Shredder |
| 16:20 | Goblin Shredder |
| 16:20 | Goblin Shredder |
| 16:20 | Goblin Shredder |
| 16:20 | Goblin Shredder |
| 16:20 | Goblin Shredder |
| 16:56 | Workshop |
| Right click | 925 |
| Select group | 682 |
| Select | 392 |
| Misc. action | 178 |
| Build/train/purchase | 111 |
| Assign group | 68 |
| Use ability | 36 |
| Minimap ping | 16 |
| Chat | 9 |
| Esc | 5 |
| Item give/drop | 3 |
146 units @ 19.3k
/ 2.8k
71 buildings @ 9.4k
/ 3.7k


| Potion of Healing | 1 | 150 |
| Scroll of Town Portal | 2 | 700 |
| Scroll of Regeneration | 1 | 100 |
| total: | 4 | 950g |
| Wisp | 17 | 1020 | / | 0 |
| Archer | 7 | 910 | / | 70 |
| Dryad | 12 | 1740 | / | 720 |
| Mountain Giant | 2 | 700 | / | 200 |
| total: | 38 | 4370g | / | 990w |
| Ancient Protector | 3 | 405 | / | 240 |
| Altar of Elders | 1 | 180 | / | 50 |
| Moon Well | 7 | 1260 | / | 280 |
| Ancient of War | 1 | 150 | / | 60 |
| Hunter's Hall | 1 | 210 | / | 100 |
| Ancient of Wonders | 1 | 90 | / | 30 |
| Tree of Life | 1 | 340 | / | 185 |
| Ancient of Lore | 2 | 310 | / | 290 |
| Tree of Ages | 2 | 640 | / | 360 |
| Tree of Eternity | 1 | 330 | / | 200 |
| total: | 17 | 2945g | / | 1235w |
| 0:04 | Wisp |
| 0:04 | Wisp |
| 0:15 | Wisp |
| 0:22 | Altar of Elders |
| 0:35 | Moon Well |
| 0:48 | Ancient of War |
| 0:49 | Wisp |
| 0:50 | Wisp |
| 0:54 | Wisp |
| 1:06 | Wisp |
| 1:18 | Wisp |
| 1:32 | Wisp |
| 1:44 | Moon Well |
| 1:49 | Archer |
| 2:13 | Wisp |
| 2:23 | Hunter's Hall |
| 2:30 | Mana Burn |
| 2:39 | Archer |
| 2:39 | Archer |
| 2:44 | Ancient of Wonders |
| 3:15 | Wisp |
| 3:38 | Ancient Protector |
| 3:41 | Tree of Ages |
| 3:49 | Archer |
| 3:50 | Archer |
| 3:59 | Evasion |
| 4:32 | Strength of the Wild |
| 5:15 | Ancient Protector |
| 5:21 | Moon Well |
| 6:09 | Ancient Protector |
| 6:15 | Ancient of Lore |
| 6:21 | Ancient of Lore |
| 6:22 | Wisp |
| 6:22 | Wisp |
| 6:22 | Wisp |
| 6:22 | Wisp |
| 6:28 | Archer |
| 6:28 | Archer |
| 7:08 | Wisp |
| 7:09 | Wisp |
| 7:18 | Moon Well |
| 8:15 | Abolish Magic |
| 8:16 | Dryad |
| 8:16 | Dryad |
| 8:22 | Moon Well |
| 9:46 | Moon Well |
| 9:46 | Force of Nature |
| 10:21 | Mountain Giant |
| 10:25 | Moon Well |
| 10:30 | Dryad |
| 11:04 | Immolation |
| 11:45 | Scroll of Town Portal |
| 11:45 | Potion of Healing |
| 11:47 | Tree of Eternity |
| 12:49 | Mountain Giant |
| 13:32 | Dryad |
| 13:32 | Dryad |
| 13:33 | Dryad |
| 13:33 | Dryad |
| 13:33 | Dryad |
| 14:04 | Scroll of Town Portal |
| 14:49 | Entangling Roots |
| 14:59 | Tree of Life |
| 15:33 | Scroll of Regeneration |
| 16:37 | Dryad |
| 16:37 | Dryad |
| 16:38 | Dryad |
| 16:38 | Dryad |
| Right click | 852 |
| Select | 210 |
| Chat | 81 |
| Build/train/purchase | 64 |
| Use ability | 22 |
| Minimap ping | 6 |
| Resource trade | 4 |
| Item give/drop | 1 |
| Remove unit | 1 |

| Scroll of Regeneration | 8 | 800 |
| Lesser Clarity Potion | 3 | 210 |
| total: | 11 | 1010g |
| Peasant | 25 | 1875 | / | 0 |
| Footman | 7 | 945 | / | 0 |
| Rifleman | 12 | 2460 | / | 360 |
| Priest | 2 | 270 | / | 20 |
| Mortar Team | 3 | 540 | / | 210 |
| Sorceress | 2 | 310 | / | 40 |
| Flying Machine | 5 | 500 | / | 150 |
| total: | 56 | 6900g | / | 780w |
| Scout Tower | 5 | 150 | / | 100 |
| Arcane Tower | 1 | 70 | / | 50 |
| Guard Tower | 4 | 280 | / | 200 |
| Altar of Kings | 1 | 180 | / | 50 |
| Barracks | 1 | 160 | / | 60 |
| Farm | 7 | 560 | / | 140 |
| Lumber Mill | 1 | 120 | / | 0 |
| Blacksmith | 1 | 140 | / | 60 |
| Arcane Vault | 1 | 130 | / | 30 |
| Arcane Sanctum | 1 | 150 | / | 140 |
| Workshop | 1 | 140 | / | 140 |
| Keep | 1 | 320 | / | 210 |
| total: | 19 | 1730g | / | 720w |
| 0:03 | Peasant |
| 0:10 | Altar of Kings |
| 0:15 | Peasant |
| 0:20 | Barracks |
| 0:34 | Peasant |
| 0:36 | Farm |
| 0:46 | Peasant |
| 1:02 | Farm |
| 1:07 | Lumber Mill |
| 1:11 | Peasant |
| 1:21 | Footman |
| 1:24 | Peasant |
| 1:24 | Peasant |
| 1:24 | Peasant |
| 1:24 | Peasant |
| 1:24 | Peasant |
| 1:24 | Peasant |
| 1:24 | Peasant |
| 1:24 | Peasant |
| 1:24 | Peasant |
| 1:24 | Peasant |
| 1:24 | Peasant |
| 1:24 | Peasant |
| 1:24 | Peasant |
| 1:24 | Peasant |
| 1:24 | Peasant |
| 1:24 | Peasant |
| 1:25 | Peasant |
| 1:25 | Peasant |
| 1:25 | Peasant |
| 1:25 | Peasant |
| 1:37 | Footman |
| 1:51 | Farm |
| 1:59 | Footman |
| 2:12 | Flame Strike |
| 2:24 | Footman |
| 2:27 | Blacksmith |
| 2:47 | Arcane Vault |
| 3:02 | Improved Lumber Harvesting |
| 3:04 | Footman |
| 3:15 | Siphon Mana |
| 3:31 | Footman |
| 3:36 | Keep |
| 4:04 | Rifleman |
| 4:23 | Rifleman |
| 4:31 | Black Gunpowder |
| 4:34 | Farm |
| 4:37 | Improved Masonry |
| 4:42 | Scout Tower |
| 4:51 | Scroll of Regeneration |
| 5:08 | Footman |
| 5:27 | Rifleman |
| 6:01 | Arcane Tower |
| 6:03 | Siphon Mana |
| 6:43 | Scout Tower |
| 6:46 | Refined Gunpowder |
| 6:47 | Scroll of Regeneration |
| 7:01 | Arcane Sanctum |
| 7:06 | Workshop |
| 7:11 | Lesser Clarity Potion |
| 7:27 | Guard Tower |
| 8:02 | Rifleman |
| 8:35 | Priest |
| 8:39 | Scroll of Regeneration |
| 8:50 | Scout Tower |
| 9:11 | Farm |
| 9:15 | Farm |
| 9:15 | Farm |
| 9:16 | Guard Tower |
| 9:47 | Rifleman |
| 11:08 | Rifleman |
| 11:09 | Long Rifles |
| 11:34 | Rifleman |
| 11:48 | Priest |
| 11:51 | Mortar Team |
| 11:52 | Scroll of Regeneration |
| 11:55 | Lesser Clarity Potion |
| 12:06 | Scout Tower |
| 12:08 | Scout Tower |
| 12:33 | Mortar Team |
| 12:35 | Sorceress |
| 12:36 | Sorceress Adept Training |
| 12:46 | Scroll of Regeneration |
| 12:46 | Scroll of Regeneration |
| 12:46 | Scroll of Regeneration |
| 12:54 | Guard Tower |
| 13:28 | Scroll of Regeneration |
| 13:56 | Guard Tower |
| 14:36 | Rifleman |
| 15:32 | Rifleman |
| 15:34 | Sorceress |
| 15:38 | Mortar Team |
| 15:40 | Flying Machine |
| 15:40 | Flying Machine |
| 15:40 | Flying Machine |
| 15:41 | Flying Machine |
| 15:41 | Flying Machine |
| 15:56 | Lesser Clarity Potion |
| 16:43 | Rifleman |
| 16:53 | Rifleman |
| 17:09 | Rifleman |
| 17:18 | Flame Strike |
| Right click | 676 |
| Select | 267 |
| Select group | 103 |
| Build/train/purchase | 97 |
| Assign group | 49 |
| Use ability | 25 |
| Misc. action | 18 |
| Minimap ping | 11 |
| Chat | 9 |
| Remove unit | 3 |

| Scroll of Regeneration | 2 | 200 |
| total: | 2 | 200g |
| Peasant | 9 | 675 | / | 0 |
| Footman | 7 | 945 | / | 0 |
| Rifleman | 8 | 1640 | / | 240 |
| total: | 24 | 3260g | / | 240w |
| Farm | 13 | 1040 | / | 260 |
| Altar of Kings | 1 | 180 | / | 50 |
| Barracks | 2 | 320 | / | 120 |
| Blacksmith | 1 | 140 | / | 60 |
| Lumber Mill | 1 | 120 | / | 0 |
| Town Hall | 1 | 385 | / | 205 |
| Arcane Vault | 1 | 130 | / | 30 |
| Gryphon Aviary | 2 | 280 | / | 300 |
| Workshop | 1 | 140 | / | 140 |
| Keep | 1 | 320 | / | 210 |
| Castle | 1 | 360 | / | 210 |
| total: | 23 | 2735g | / | 1165w |
| 0:03 | Peasant |
| 0:04 | Peasant |
| 0:04 | Peasant |
| 0:06 | Peasant |
| 0:12 | Farm |
| 0:16 | Altar of Kings |
| 0:38 | Barracks |
| 1:20 | Farm |
| 1:24 | Farm |
| 1:26 | Footman |
| 1:26 | Footman |
| 1:52 | Footman |
| 2:01 | Farm |
| 2:07 | Farm |
| 2:17 | Blacksmith |
| 2:31 | Summon Water Elemental |
| 2:59 | Footman |
| 3:00 | Footman |
| 3:10 | Iron Plating |
| 3:20 | Lumber Mill |
| 3:46 | Rifleman |
| 4:07 | Rifleman |
| 4:34 | Black Gunpowder |
| 4:37 | Refined Gunpowder |
| 4:56 | Peasant |
| 5:05 | Blizzard |
| 5:37 | Town Hall |
| 5:41 | Peasant |
| 5:41 | Peasant |
| 5:56 | Arcane Vault |
| 6:37 | Farm |
| 6:38 | Farm |
| 6:40 | Farm |
| 6:41 | Farm |
| 6:49 | Scroll of Regeneration |
| 7:18 | Rifleman |
| 9:01 | Rifleman |
| 9:01 | Rifleman |
| 9:01 | Rifleman |
| 9:08 | Barracks |
| 10:02 | Footman |
| 10:04 | Rifleman |
| 10:44 | Summon Water Elemental |
| 12:28 | Footman |
| 12:28 | Rifleman |
| 12:55 | Keep |
| 13:08 | Peasant |
| 13:25 | Iron Forged Swords |
| 13:30 | Scroll of Regeneration |
| 14:22 | Farm |
| 14:23 | Farm |
| 14:24 | Farm |
| 14:25 | Farm |
| 14:56 | Improved Lumber Harvesting |
| 15:36 | Peasant |
| 15:39 | Castle |
| 16:02 | Gryphon Aviary |
| 16:08 | Workshop |
| 16:25 | Gryphon Aviary |
| Right click | 345 |
| Select | 178 |
| Select group | 133 |
| Build/train/purchase | 48 |
| Assign group | 17 |
| Misc. action | 7 |
| Use ability | 5 |
| Remove unit | 3 |


| Rod of Necromancy | 3 | 450 |
| Orb of Corruption | 1 | 375 |
| Potion of Healing | 1 | 150 |
| Potion of Mana | 1 | 200 |
| Scroll of Town Portal | 4 | 1400 |
| Scroll of Healing | 1 | 250 |
| total: | 11 | 2825g |
| Acolyte | 7 | 525 | / | 0 |
| Ghoul | 3 | 360 | / | 0 |
| Crypt Fiend | 10 | 2150 | / | 400 |
| Obsidian Statue | 5 | 1000 | / | 175 |
| Abomination | 3 | 720 | / | 210 |
| total: | 28 | 4755g | / | 785w |
| Spirit Tower | 2 | 290 | / | 80 |
| Crypt | 2 | 400 | / | 100 |
| Graveyard | 1 | 215 | / | 0 |
| Ziggurat | 5 | 750 | / | 250 |
| Altar of Darkness | 1 | 180 | / | 50 |
| Tomb of Relics | 1 | 130 | / | 30 |
| Necropolis | 1 | 225 | / | 0 |
| Slaughterhouse | 1 | 140 | / | 135 |
| Halls of the Dead | 2 | 640 | / | 420 |
| Black Citadel | 1 | 325 | / | 230 |
| total: | 12 | 2040g | / | 565w |
| 0:04 | Acolyte |
| 0:04 | Acolyte |
| 0:09 | Crypt |
| 0:15 | Graveyard |
| 0:28 | Ziggurat |
| 0:48 | Altar of Darkness |
| 1:11 | Ghoul |
| 1:16 | Tomb of Relics |
| 1:30 | Ghoul |
| 1:38 | Acolyte |
| 1:55 | Crypt Fiend |
| 2:10 | Ziggurat |
| 2:45 | Rod of Necromancy |
| 2:50 | Death Coil |
| 2:59 | Halls of the Dead |
| 3:11 | Ghoul |
| 3:31 | Crypt Fiend |
| 4:10 | Crypt Fiend |
| 4:13 | Ziggurat |
| 4:17 | Unholy Aura |
| 4:26 | Rod of Necromancy |
| 5:16 | Crypt Fiend |
| 5:27 | Crypt |
| 6:28 | Death Coil |
| 6:30 | Slaughterhouse |
| 6:56 | Black Citadel |
| 7:04 | Rod of Necromancy |
| 7:09 | Frost Nova |
| 7:19 | Necropolis |
| 8:04 | Obsidian Statue |
| 8:20 | Obsidian Statue |
| 8:24 | Ziggurat |
| 9:25 | Abomination |
| 9:25 | Disease Cloud |
| 9:26 | Web |
| 9:28 | Acolyte |
| 9:28 | Acolyte |
| 9:28 | Acolyte |
| 9:29 | Acolyte |
| 10:07 | Crypt Fiend |
| 10:09 | Abomination |
| 11:28 | Dark Ritual |
| 11:44 | Unholy Aura |
| 12:12 | Crypt Fiend |
| 12:13 | Abomination |
| 12:42 | Crypt Fiend |
| 12:52 | Obsidian Statue |
| 12:53 | Destroyer Form |
| 12:58 | Scroll of Town Portal |
| 13:01 | Orb of Corruption |
| 13:06 | Scroll of Healing |
| 13:20 | Potion of Healing |
| 13:21 | Potion of Mana |
| 13:27 | Obsidian Statue |
| 13:30 | Spirit Tower |
| 13:31 | Ziggurat |
| 14:03 | Scroll of Town Portal |
| 14:30 | Crypt Fiend |
| 14:36 | Frost Nova |
| 14:57 | Crypt Fiend |
| 15:15 | Scroll of Town Portal |
| 15:48 | Scroll of Town Portal |
| 16:44 | Crypt Fiend |
| 16:45 | Obsidian Statue |
| Right click | 980 |
| Select group | 655 |
| Select | 332 |
| Build/train/purchase | 91 |
| Misc. action | 57 |
| Use ability | 48 |
| Assign group | 37 |
| Item give/drop | 5 |
| Chat | 5 |
| Minimap ping | 2 |